Map: Orbital Depot

Players

gigosky

  • Race: Protoss Protoss
  • Spawn Location: 3:00

Metasapien

  • Race: Zerg Zerg
  • League: Platinum
  • Spawn Location: 3:00

Altares

  • Race: Zerg Zerg
  • Spawn Location: 1:00

Giustino - Winner!

  • Race: Protoss Protoss
  • Spawn Location: 7:00

LEON - Winner!

  • Race: Protoss Protoss
  • League: Gold
  • Spawn Location: 9:00

Suarez - Winner!

  • Race: Protoss Protoss
  • Spawn Location: 9:00

VOD

Have the link to the VOD?

Description

Time

  • Played on: Sept. 23, 2017, 9:26 a.m.
  • Length: 11:47
Show
View Real Time Build Order
Export as new Build Order

gigosky Protoss 

Build Orders:  

Get SALT Encoding   

  12  0:01  Probe (Chrono Boost)  
  13  0:12  Probe (Chrono Boost)  
  14  0:21  Pylon  
  14  0:23  Probe (Chrono Boost)  
  15  0:39  Probe (Chrono Boost)  
  15  0:42  Gateway  
  16  0:49  Probe (Chrono Boost)  
  17  1:03  Probe (Chrono Boost), Assimilator  
  18  1:13  Probe (Chrono Boost)  
  19  1:23  Pylon  
  19  1:24  Probe (Chrono Boost)  
  20  1:27  Assimilator  
  20  1:31  Cybernetics Core  
  20  1:34  Probe (Chrono Boost)  
  21  1:42  Zealot (Chrono Boost)  
  21  1:45  Probe (Chrono Boost)  
  24  1:55  Probe (Chrono Boost)  
  25  2:05  Pylon  
  26  2:10  Mothership Core  
  27  2:28  Stalker (Chrono Boost)  
  29  2:31  Probe  
  30  2:43  Probe  
  31  2:48  Pylon  
  31  2:54  Zealot (Chrono Boost)  
  31  2:55  Probe  
  34  3:07  Probe  
  35  3:16  Stargate  
  35  3:19  Probe  
  34  3:25  Zealot (Chrono Boost)  
  36  3:31  Probe  
  37  3:40  Gateway  
  37  3:41  Nexus  
  37  3:43  Probe  
  40  3:48  Zealot (Chrono Boost)  
  40  3:54  Gateway  
  40  3:55  Probe  
  40  3:57  Twilight Council  
  41  4:10  Probe  
  41  4:12  Forge  
  41  4:14  Phoenix  
  44  4:22  Pylon  
  44  4:37  Fleet Beacon  
  44  4:48  Probe  
  44  4:51  Photon Cannon  
  45  5:00  Probe  
  46  5:14  Probe  
  46  5:15  Probe  
  46  5:18  Pylon  
  48  5:24  Probe  
  48  5:26  Tempest  
  48  5:27  Probe  
  56  5:33  Assimilator  
  56  5:35  Probe  
  56  5:36  Assimilator  
  56  5:41  Probe  
  56  5:42  Photon Cannon  
  58  6:09  Phoenix  
  60  6:32  Stalker (Chrono Boost)  
  58  6:34  Phoenix  
  58  6:37  Zealot x2 (Chrono Boost)  
  62  6:58  Zealot (Chrono Boost)  
  62  6:59  Tempest  
  62  7:00  Probe  
  75  7:02  Zealot x2 (Chrono Boost)  
  75  7:05  Pylon  
  75  7:09  Probe  
  75  7:10  Protoss Air Weapons Level 1 (Chrono Boost)  
  75  7:12  Probe  
  77  7:22  Probe  
  77  7:23  Stalker  
  77  7:24  Blink  
  77  7:27  Stalker, Zealot  
  77  7:28  Pylon  
  77  7:29  Pylon  
  85  7:30  Probe  
  85  7:31  Pylon x2  
  85  7:35  Protoss Ground Weapons Level 1  
  85  7:46  Tempest  
  91  7:54  Stalker x2  
  91  7:57  Stalker  
  97  8:08  Probe  
  98  8:22  Probe  
  98  8:23  Stalker  
  98  8:24  Probe, Stalker  
  98  8:26  Photon Cannon  
  104  8:27  Stalker  
  106  8:36  Probe  
  106  8:38  Probe, Stargate  
  108  8:43  Stargate  
  108  8:53  Probe, Stalker, Robotics Facility  
  111  8:56  Pylon  
  111  9:03  Tempest  
  115  9:20  Stalker x2  
  115  9:23  Stalker  
  121  9:50  Stalker x2  
  125  9:54  Stalker  
  121  10:00  Tempest  
  79  10:20  Stalker x2  
  69  10:43  Tempest  
Show
View Real Time Build Order
Export as new Build Order

Metasapien Zerg 

Build Orders: Pool First 

Get SALT Encoding   

  12  0:22  Drone, Spawning Pool  
  12  0:30  Drone  
  12  0:35  Overlord  
  13  0:42  Extractor  
  12  0:44  Drone  
  12  0:49  Drone  
  14  0:55  Drone  
  15  1:06  Drone  
  16  1:23  Drone  
  17  1:28  Hatchery  
  17  1:31  Drone  
  17  1:39  Drone  
  18  1:49  Drone  
  19  2:08  Zergling x2  
  19  2:10  Metabolic Boost  
  19  2:12  Queen  
  22  2:16  Overlord  
  22  2:20  Extractor  
  22  2:22  Overlord  
  21  2:32  Drone  
  22  2:41  Drone  
  22  2:44  Zergling x2  
  24  2:56  Roach Warren, Zergling x2  
  23  3:01  Spine Crawler  
  23  3:04  Zergling x2  
  23  3:07  Zergling x4  
  25  3:14  Zergling x2  
  24  3:25  Zergling x2  
  21  3:42  Zergling x2  
  22  3:49  Zergling x8  
  22  3:54  Roach  
  22  3:55  Roach x2  
  31  3:59  Drone  
  32  4:20  Hatchery  
  31  4:27  Ravager x2  
  31  4:28  Ravager  
  31  4:29  Roach  
  31  4:30  Roach  
  38  4:39  Overlord  
  38  4:48  Overlord  
  38  4:56  Overlord  
  38  5:03  Overlord  
  38  5:04  Roach  
  40  5:33  Drone, Queen  
  43  5:36  Drone x3  
  44  5:53  Lair  
  44  5:56  Drone  
  29  6:05  Drone x3  
  32  6:14  Drone  
  25  6:37  Drone x3  
  25  6:52  Drone  
  26  7:11  Drone  
  26  7:12  Drone  
  26  7:13  Spore Crawler  
  27  7:20  Drone  
  28  7:28  Drone  
  29  7:38  Drone  
  30  7:48  Drone x2  
  32  7:51  Drone  
  33  8:01  Drone  
  34  8:10  Drone  
  35  8:36  Queen  
  37  9:03  Hatchery  
  36  9:13  Roach x2  
  40  9:20  Hydralisk Den  
  39  9:46  Roach x3  
  45  10:00  Roach x2  
  44  10:15  Hydralisk x2  
  46  10:42  Hydralisk  
  46  10:43  Hatchery, Hydralisk  
  45  11:06  Hatchery  
Show
View Real Time Build Order
Export as new Build Order

Altares Zerg 

Build Orders: Pool First 

Get SALT Encoding   

  12  0:18  Extractor  
  11  0:21  Extractor  
  11  0:23  Drone x2  
  11  0:26  Overlord  
  12  0:52  Drone  
  12  0:54  Drone  
  14  1:14  Spawning Pool  
  14  1:15  Drone  
  14  1:16  Drone  
  15  1:23  Evolution Chamber  
  14  1:43  Drone x2  
  14  1:44  Drone  
  17  2:04  Queen  
  19  2:16  Zergling x2  
  19  2:17  Zergling x2  
  21  2:26  Zerg Melee Weapons Level 1  
  21  3:01  Hatchery  
  20  3:11  Zergling x2  
  20  3:12  Zergling x2  
  22  3:14  Overlord  
  22  3:32  Overlord  
  22  3:36  Metabolic Boost  
  22  3:58  Drone  
  23  4:07  Zergling x6  
  23  4:08  Zergling x6  
  29  4:20  Roach Warren, Zerg Ground Armor Level 1  
  28  4:24  Zergling x2  
  28  4:25  Zergling x2  
  28  5:06  Roach x3  
  34  5:27  Pneumatized Carapace  
  34  5:41  Overlord x3  
  34  5:55  Spore Crawler  
  33  5:57  Spore Crawler  
  32  6:11  Burrow  
  32  6:14  Zerg Missile Weapons Level 1  
  32  7:30  Spine Crawler  
  32  7:31  Roach x2  
  32  7:32  Roach x2  
  39  7:45  Hatchery  
  38  7:52  Lair  
  38  8:02  Drone  
  38  8:03  Drone x2  
  41  8:52  Hydralisk Den  
  16  9:56  Hydralisk x2  
  16  9:57  Hydralisk x7  
  33  10:11  Hatchery  
  28  10:50  Hydralisk x4  
  28  10:51  Hydralisk x2  
  42  10:59  Overseer  
  40  11:08  Spore Crawler  
Show
View Real Time Build Order
Export as new Build Order

Giustino Protoss - Winner!

Build Orders:  

Get SALT Encoding   

  12  0:02  Probe (Chrono Boost)  
  13  0:12  Probe (Chrono Boost)  
  14  0:23  Probe (Chrono Boost)  
  14  0:26  Pylon  
  15  0:48  Probe (Chrono Boost)  
  16  0:51  Assimilator  
  16  0:56  Assimilator  
  16  0:58  Probe (Chrono Boost)  
  17  1:09  Probe (Chrono Boost), Gateway  
  18  1:28  Probe (Chrono Boost)  
  19  1:39  Probe (Chrono Boost)  
  20  1:40  Nexus  
  20  1:46  Pylon  
  20  1:49  Probe (Chrono Boost)  
  20  1:50  Forge  
  21  1:56  Pylon  
  21  1:58  Cybernetics Core  
  21  2:18  Pylon  
  21  2:30  Photon Cannon  
  21  2:42  Photon Cannon  
  21  2:46  Photon Cannon  
  21  2:52  Stargate  
  21  2:53  Stargate  
  21  2:57  Probe (Chrono Boost)  
  22  3:06  Probe (Chrono Boost)  
  22  3:08  Protoss Air Weapons Level 1 (Chrono Boost)  
  23  3:16  Probe  
  24  3:26  Probe  
  24  3:28  Photon Cannon  
  24  3:31  Photon Cannon  
  25  3:37  Probe  
  25  3:39  Void Ray  
  30  3:44  Void Ray  
  34  3:55  Probe  
  35  4:06  Probe  
  36  4:16  Probe  
  36  4:22  Void Ray  
  36  4:23  Assimilator  
  41  4:27  Probe, Assimilator  
  42  4:37  Probe, Pylon  
  43  4:48  Probe  
  43  4:51  Void Ray  
  48  4:58  Probe  
  49  5:07  Photon Cannon  
  49  5:09  Probe  
  49  5:12  Photon Cannon  
  50  5:17  Void Ray  
  54  5:34  Void Ray  
  58  6:00  Void Ray  
  58  6:03  Protoss Air Armor Level 1 (Chrono Boost)  
  61  6:16  Void Ray  
  64  6:43  Void Ray  
  68  7:02  Pylon x2  
  68  7:06  Pylon  
  68  7:09  Nexus, Pylon  
  68  7:11  Pylon  
  68  7:12  Pylon  
  68  7:14  Pylon  
  68  7:18  Pylon  
  68  7:20  Void Ray  
  72  7:29  Fleet Beacon  
  72  7:30  Protoss Shields Level 1  
  72  8:03  Photon Cannon  
  72  8:06  Photon Cannon  
  72  8:08  Photon Cannon  
  72  8:13  Photon Cannon  
  72  8:15  Photon Cannon  
  72  8:23  Photon Cannon  
  72  8:47  Tempest  
  78  8:57  Tempest  
  84  9:29  Probe  
  85  9:32  Tempest  
  91  9:39  Probe  
  60  10:30  Tempest  
  60  10:31  Tempest  
  60  10:35  Probe  
  73  10:58  Probe  
  74  11:09  Probe  
  83  11:19  Probe  
  80  11:30  Probe  
Show
View Real Time Build Order
Export as new Build Order

LEON Protoss - Winner!

Build Orders: Oracle Opening 

Get SALT Encoding   

  12  0:16  Probe (Chrono Boost)  
  13  0:25  Pylon  
  13  0:26  Probe (Chrono Boost)  
  14  0:40  Probe (Chrono Boost), Assimilator  
  15  0:43  Assimilator  
  15  0:52  Gateway  
  15  0:56  Probe (Chrono Boost)  
  16  1:09  Probe (Chrono Boost)  
  17  1:19  Probe (Chrono Boost)  
  18  1:30  Probe (Chrono Boost)  
  19  1:40  Probe (Chrono Boost)  
  19  1:44  Cybernetics Core  
  20  1:49  Forge  
  20  1:53  Probe (Chrono Boost), Pylon  
  21  2:04  Probe (Chrono Boost)  
  23  2:15  Probe (Chrono Boost)  
  23  2:26  Mothership Core (Chrono Boost)  
  25  2:39  Nexus  
  25  2:49  Pylon  
  25  3:07  Photon Cannon  
  25  3:08  Stargate  
  25  3:13  Probe (Chrono Boost)  
  26  3:22  Photon Cannon  
  26  3:29  Probe (Chrono Boost)  
  27  3:36  Pylon  
  27  3:43  Warp Gate  
  27  3:51  Oracle (Chrono Boost)  
  30  3:58  Probe (Chrono Boost), Photon Cannon  
  31  4:08  Assimilator  
  31  4:26  Oracle (Chrono Boost)  
  31  4:28  Gateway  
  34  4:34  Probe  
  35  4:44  Probe  
  36  4:54  Pylon  
  36  5:09  Void Ray (Chrono Boost)  
  40  5:17  Stalker x2  
  44  5:28  Gateway  
  44  5:35  Pylon  
  44  5:37  Photon Cannon  
  44  5:38  Probe  
  44  5:40  Pylon  
  45  5:49  Probe  
  40  6:12  Void Ray (Chrono Boost)  
  44  6:22  Stargate  
  44  6:25  Pylon  
  44  6:37  Photon Cannon  
  44  6:39  Photon Cannon  
  44  6:41  Probe  
  44  6:44  Assimilator  
  45  6:48  Protoss Air Weapons Level 1  
  45  6:51  Probe, Protoss Ground Weapons Level 1  
  45  6:54  Stalker  
  48  7:01  Probe  
  49  7:02  Probe  
  50  7:12  Probe  
  50  7:13  Probe  
  52  7:19  Stalker x2  
  56  7:23  Probe, Stalker  
  63  7:34  Void Ray (Chrono Boost)  
  63  7:55  Photon Cannon  
  63  7:56  Stalker  
  65  7:58  Stalker  
  65  8:00  Stalker  
  69  8:10  Gateway  
  69  8:12  Stargate  
  69  8:19  Void Ray (Chrono Boost)  
  73  8:35  Void Ray (Chrono Boost)  
  77  9:03  Stalker  
  77  9:04  Stalker x2  
  77  9:20  Nexus  
  77  9:23  Void Ray (Chrono Boost)  
  77  9:24  Void Ray (Chrono Boost)  
  77  9:38  Pylon  
  77  9:44  Void Ray (Chrono Boost)  
  81  10:06  Void Ray (Chrono Boost)  
  65  10:40  Stalker  
  65  10:41  Adept, Stalker  
  65  10:42  Adept  
  73  10:51  Void Ray (Chrono Boost)  
  85  10:57  Void Ray x2 (Chrono Boost)  
  85  11:01  Photon Cannon  
  85  11:02  Photon Cannon  
  85  11:04  Pylon  
  85  11:13  Adept, Stalker x2  
  85  11:14  Adept  
Show
View Real Time Build Order
Export as new Build Order

Suarez Protoss - Winner!

Build Orders:  

Get SALT Encoding   

  12  0:02  Probe (Chrono Boost)  
  13  0:12  Probe (Chrono Boost)  
  14  0:22  Pylon  
  14  0:28  Probe (Chrono Boost)  
  15  0:40  Probe (Chrono Boost)  
  16  0:45  Forge  
  16  0:51  Probe (Chrono Boost)  
  17  1:08  Probe (Chrono Boost)  
  18  1:13  Pylon  
  18  1:19  Probe (Chrono Boost)  
  19  1:29  Probe (Chrono Boost)  
  19  1:31  Pylon  
  20  1:40  Probe (Chrono Boost)  
  21  1:47  Photon Cannon  
  21  1:51  Photon Cannon  
  21  1:58  Probe (Chrono Boost)  
  22  2:02  Photon Cannon  
  22  2:07  Pylon  
  22  2:08  Photon Cannon  
  22  2:09  Probe (Chrono Boost)  
  22  2:13  Assimilator  
  23  2:27  Photon Cannon  
  23  2:32  Photon Cannon  
  23  2:37  Photon Cannon  
  23  2:46  Probe (Chrono Boost)  
  24  2:54  Pylon  
  24  2:57  Probe (Chrono Boost)  
  25  3:16  Pylon  
  25  3:25  Probe (Chrono Boost)  
  26  3:29  Assimilator  
  26  3:31  Photon Cannon  
  26  3:35  Pylon  
  26  3:36  Probe (Chrono Boost)  
  26  3:41  Gateway  
  27  3:50  Photon Cannon  
  27  3:55  Photon Cannon  
  27  3:59  Photon Cannon  
  27  4:06  Probe (Chrono Boost)  
  28  4:16  Probe (Chrono Boost)  
  29  4:22  Pylon  
  29  4:27  Probe (Chrono Boost)  
  30  4:38  Zealot  
  32  4:52  Gateway  
  32  4:54  Gateway  
  32  4:57  Cybernetics Core  
  32  5:00  Pylon  
  32  5:05  Zealot  
  34  5:11  Photon Cannon  
  34  5:15  Photon Cannon  
  34  5:29  Pylon  
  34  5:43  Twilight Council  
  34  5:46  Protoss Ground Weapons Level 1  
  34  5:52  Nexus  
  34  5:54  Photon Cannon  
  34  6:16  Zealot  
  34  6:17  Zealot  
  38  6:18  Zealot  
  38  6:21  Charge (Chrono Boost)  
  40  6:46  Pylon  
  40  6:49  Probe, Pylon  
  41  7:01  Probe  
  42  7:03  Pylon  
  42  7:06  Probe  
  43  7:13  Probe  
  44  7:16  Probe  
  44  7:17  Dark Shrine  
  44  7:19  Pylon  
  44  7:22  Gateway  
  45  7:27  Probe  
  46  7:32  Gateway  
  46  7:41  Assimilator  
  46  7:44  Assimilator  
  46  7:47  Photon Cannon  
  46  7:49  Photon Cannon  
  46  7:57  Protoss Ground Weapons Level 2 (Chrono Boost)  
  46  8:10  Warp Gate (Chrono Boost)  
  46  8:44  Nexus  
  46  9:03  Zealot  
  46  9:04  Zealot x4  
  56  9:13  Shadow Stride  
  56  9:33  Pylon  
  56  9:37  Pylon  
  52  10:33  Dark Templar x2  
  52  10:34  Dark Templar x2  
  52  10:35  Dark Templar  
  62  11:08  Dark Templar  
  62  11:09  Dark Templar x2  
  62  11:10  Dark Templar  
  62  11:11  Dark Templar  
Tags
 
Add a new tag
Caveats
  • Supply blocks, unpowered buildings, or Contaminate may cause inaccurate times.
  • Supply counts are checked every 10 seconds.